 Dungeon Crawl Stone Soup version 0.29-a0-72-g1732ff48e7 (webtiles) character file.

Game seed: 11015487165239967326

496 testman the Spear-Bearer (level 7, 0/56 HPs)
             Began as a Gnoll Wanderer on Feb 3, 2022.
             Was a Believer of the Shining One.
             Slain by Duvessa (8 damage)
             ... on level 4 of the Dungeon.
             The game lasted 00:12:40 (4150 turns).

testman the Spear-Bearer (Gnoll Wanderer)           Turns: 4150, Time: 00:12:41

Health: 0/56       AC:  6    Str: 11    XL:     7   Next: 15%
Magic:  21/21      EV: 11    Int: 14    God:    the Shining One [**....]
Gold:   183        SH:  0    Dex: 11    Spells: 11/13 levels left

rFire   . . .      SeeInvis .   a - +2 spear
rCold   . . .      Faith    .   (no shield)
rNeg    + . .      Spirit   .   h - +0 leather armour
rPois   .          Reflect  .   (no helmet)
rElec   .          Harm     .   i - +2 cloak {Stlth+}
rCorr   +          Rampage  .   (no gloves)
Will    .....                   (no boots)
Stlth   +.........              (no amulet)
HPRegen 0.18/turn               d - ring of magical power
MPRegen 0.17/turn               l - ring of resist corrosion

@: glowing
A: fangs 1, strong nose, distributed training
a: Renounce Religion, Divine Shield


You were on level 4 of the Dungeon.
You worshipped the Shining One.
The Shining One was pleased with you.
You visited 1 branch of the dungeon, and saw 4 of its levels.

You collected 183 gold pieces.

Inventory:

Hand Weapons
 a - a +2 spear (weapon)
 j - a +0 hunting sling
Missiles
 g - 81 stones
 q - 2 boomerangs
Armour
 b - a +0 ring mail
 e - a +0 cloak
 h - a +0 leather armour (worn)
 i - a +2 cloak of stealth (worn)
Jewellery
 d - a ring of magical power (left hand)
 l - a ring of resist corrosion (right hand)
 s - a +4 ring of protection
Scrolls
 c - 4 scrolls of identify {unknown}
 f - a scroll of teleportation {unknown}
 k - 2 scrolls of enchant weapon {unknown}
 n - a scroll of fear {unknown}
 o - a scroll of immolation {unknown}
 p - a scroll of enchant armour {unknown}
Potions
 m - a potion of curing
 r - a potion of attraction {unknown}
 t - a potion of degeneration {unknown}
 u - a potion of magic {unknown}


   Skills:
 + Level 5.1 Fighting
 + Level 2.3 Short Blades
 + Level 2.3 Long Blades
 + Level 2.3 Axes
 + Level 2.3 Maces & Flails
 + Level 8.8 Polearms
 + Level 2.3 Staves
 + Level 2.3 Slings
 + Level 2.3 Bows
 + Level 2.3 Crossbows
 + Level 2.3 Throwing
 + Level 3.5 Armour
 + Level 2.3 Dodging
 + Level 2.3 Stealth
 + Level 2.3 Shields
 + Level 2.3 Unarmed Combat
 + Level 3.6 Spellcasting
 + Level 1.8 Conjurations
 + Level 1.8 Hexes
 + Level 4.2 Summonings
 + Level 1.8 Necromancy
 + Level 1.8 Translocations
 + Level 1.8 Transmutations
 + Level 1.8 Fire Magic
 + Level 1.8 Ice Magic
 + Level 1.8 Air Magic
 + Level 1.8 Earth Magic
 + Level 1.8 Poison Magic
 + Level 2.5 Invocations
 + Level 2.3 Evocations


You had 11 spell levels left.
You knew the following spells:

 Your Spells              Type           Power      Damage    Failure   Level
a - Summon Small Mammal   Summ           56%        N/A       4%          1
b - Sting                 Tmut/Pois      28%        1d4       12%         1

Your spell library contained the following spells:

 Spells                   Type           Power      Damage    Failure   Level
 Call Imp                 Summ           14%        N/A       7%          2
 Magic Dart               Conj           28%        1d4       12%         1
 Summon Guardian Golem    Hex/Summ       11%        N/A       22%         3
 Ignite Poison            Fire/Tmut/Pois 7%         N/A       34%         3
 Mephitic Cloud           Conj/Pois/Air  7%         N/A       34%         3
 Ice Form                 Ice/Tmut       7%         N/A       75%         4
 Olgreb's Toxic Radiance  Pois           7%         N/A       75%         4
 Freezing Cloud           Conj/Ice/Air   3%         6-21      97%         5
 Ozocubu's Refrigeration  Ice            3%         4d5       100%        7


Dungeon Overview and Level Annotations

Branches:
Dungeon (4/15)             Temple (0/1) D:4

Altars:
The Shining One

Annotations:
D:4 Dowan, Duvessa


Innate Abilities, Weirdness & Mutations

You have very sharp teeth.
Your uncanny sense of smell can sniff out nearby items.
Your experience applies equally to all skills.


Message History

Duvessa is severely wounded.
Your bat hits Duvessa but does no damage.
Dowan gestures wildly while chanting.
Dowan blinks!
Reach: a) +2 spear
Press: ? - help, Dir - move target, f/p - Duvessa
Aim: Duvessa, wielding a +0 short sword and wearing a +0 ring mail (translocational energy, severely wounded, haloed, about 12% to evade your +2 spear)
You reach to attack!
You hit Duvessa but do no damage.
Duvessa is severely wounded.
Dowan says, "My weaknesses are her strengths!"
Your bat hits Duvessa but does no damage.
Dowan closely misses you. Dowan closely misses you.
Your bat hits Duvessa but does no damage.
Your bat barely misses Duvessa.
Your bat hits Duvessa but does no damage.
You see here a +0 club.
Your bat disappears in a puff of smoke!
There is a stone staircase leading up here.
Casting: Summon Small Mammal (safe; 4% risk of failure)
Confirm with . or Enter, or press ? or * to list all spells.
Dowan hits you with a +5 dagger of venom.
* * * LOW HITPOINT WARNING * * *
You are poisoned.
Duvessa closely misses you.
You feel sick.
Dowan points at Duvessa and mumbles some strange words.
Duvessa seems to speed up.
You feel sick.
You feel sick.
Your rat bites Dowan but does no damage.
Dowan gestures wildly while chanting.
Dowan blinks!
Duvessa hits you but does no damage.
You feel sick.
You feel sick. Duvessa hits you with a +0 short sword!
* * * LOW HITPOINT WARNING * * *
* * * LOW HITPOINT WARNING * * *
You feel sick.
You feel better. Duvessa hits you with a +0 short sword!
You die...

# #..... ...... ..# ##.......
.####.##.# #....####.###........
......##.# #... #.....##........
......##.####.# #.....##.......#
......##......####.....#........#
......##.......#.......#........#
..........)<...........#........#
......##..r....#e...........#####
......##.).....#@...............
......##)#......................
.......................[.###....
.........................# ....
..###.............)......# #..
[[...............##.##.#.# .#
$)###.##'#.......##.##.#.#
..o.#.##.#.......##.##.#.#
###o#....#>......##.##.#.#


You could see Duvessa (fast).

Vanquished Creatures
  A black bear (D:3)
  3 orc priests
  4 orc wizards
  A hound skeleton (D:4)
  A howler monkey skeleton (D:3)
  4 gnolls (D:2)
  5 adders
  4 worms
  4 dart slugs
  14 orcs
  7 endoplasms
  2 giant cockroaches (D:1)
  3 goblins
  6 hobgoblins
  3 jackals (D:3)
  3 kobolds (D:2)
  6 quokkas
  A ball python (D:3)
  7 bats
  7 frilled lizards
  4 rats
90 creatures vanquished.

Notes
Turn   | Place    | Note
-------+----------+-------------------------------------------
     0 | D:1      | testman the Gnoll Wanderer began the quest for the Orb.
     0 | D:1      | testman set off with the following items: a +2 spear, a +0
                  | ring mail; and the following spell memorised: Summon Small
                  | Mammal; and the following spells available to memorise:
                  | Summon Guardian Golem
     0 | D:1      | Reached XP level 1. HP: 20/20 MP: 4/4
   371 | D:1      | Reached XP level 2. HP: 26/26 MP: 5/5
   639 | D:1      | Found a faded altar of an unknown god.
   649 | D:1      | Got Plato's Reference Book on Shape Shifting
   650 | D:1      | Prayed at the altar of an unknown god.
   650 | D:1      | Became a worshipper of the Shining One
   650 | D:1      | Reached * piety under the Shining One
   904 | D:2      | Reached XP level 3. HP: 31/31 MP: 7/7
   957 | D:2      | Reached skill level 1 in Invocations
  1006 | D:2      | Reached skill level 1 in Short Blades
  1006 | D:2      | Reached skill level 1 in Long Blades
  1006 | D:2      | Reached skill level 1 in Axes
  1006 | D:2      | Reached skill level 1 in Maces & Flails
  1006 | D:2      | Reached skill level 1 in Staves
  1006 | D:2      | Reached skill level 1 in Slings
  1006 | D:2      | Reached skill level 1 in Bows
  1006 | D:2      | Reached skill level 1 in Crossbows
  1006 | D:2      | Reached skill level 1 in Throwing
  1006 | D:2      | Reached skill level 1 in Dodging
  1006 | D:2      | Reached skill level 1 in Stealth
  1006 | D:2      | Reached skill level 1 in Shields
  1006 | D:2      | Reached skill level 1 in Unarmed Combat
  1006 | D:2      | Reached skill level 1 in Evocations
  1207 | D:2      | Reached XP level 4. HP: 38/38 MP: 8/8
  1405 | D:2      | Reached skill level 1 in Conjurations
  1405 | D:2      | Reached skill level 1 in Hexes
  1405 | D:2      | Reached skill level 1 in Necromancy
  1405 | D:2      | Reached skill level 1 in Translocations
  1405 | D:2      | Reached skill level 1 in Transmutations
  1405 | D:2      | Reached skill level 1 in Fire Magic
  1405 | D:2      | Reached skill level 1 in Ice Magic
  1405 | D:2      | Reached skill level 1 in Air Magic
  1405 | D:2      | Reached skill level 1 in Earth Magic
  1405 | D:2      | Reached skill level 1 in Poison Magic
  1865 | D:3      | Reached XP level 5. HP: 33/43 MP: 9/9
  2569 | D:3      | Reached XP level 6. HP: 45/50 MP: 10/10
  2653 | D:3      | Reached ** piety under the Shining One
  2792 | D:3      | Noticed a black bear
  2825 | D:3      | Killed a black bear
  2826 | D:3      | Reached skill level 5 in Fighting
  3274 | D:3      | Learned a level 1 spell: Sting
  3295 | D:3      | Got Esky's Handbook of the Nocuous Frostbite
  3696 | D:4      | Found a staircase to the Ecumenical Temple.
  3815 | D:4      | Reached XP level 7. HP: 20/56 MP: 12/12
  3837 | D:4      | The Shining One protects you from harm!
  4117 | D:4      | Noticed Duvessa
  4118 | D:4      | Noticed Dowan
  4149 | D:4      | HP: 2/56 [poisoned by Dowan]
  4150 | D:4      | Slain by Duvessa

Illustrated notes

Levels and vault maps discovered:
D:1:      lemuel_arrival_hallway, layout_loops_ring,
          shapermc_ecumenical_altar_rom_forum, minmay_indecisive_spiral
D:2:      layout_loops_ring, kennysheep_generic_room_16
D:3:      layout_basic, serial_park_tiny_pond, minmay_fractal_squares_5
D:4:      layout_basic, minmay_temple_entry_overgrown, uniq_duvessa

Skill      XL: |  1  2  3  4  5  6 |
---------------+-------------------+-----
Invocations    | 1 2 |  2.5
Short Blades   | 1 2 |  2.3
Long Blades    | 1 2 |  2.3
Axes           | 1 2 |  2.3
Maces & Flails | 1 2 |  2.3
Staves         | 1 2 |  2.3
Slings         | 1 2 |  2.3
Bows           | 1 2 |  2.3
Crossbows      | 1 2 |  2.3
Throwing       | 1 2 |  2.3
Dodging        | 1 2 |  2.3
Stealth        | 1 2 |  2.3
Shields        | 1 2 |  2.3
Unarmed Combat | 1 2 |  2.3
Evocations     | 1 2 |  2.3
Spellcasting   | 3 |  3.6
Conjurations   | 1 |  1.8
Hexes          | 1 |  1.8
Necromancy     | 1 |  1.8
Translocations | 1 |  1.8
Transmutations | 1 |  1.8
Fire Magic     | 1 |  1.8
Ice Magic      | 1 |  1.8
Air Magic      | 1 |  1.8
Earth Magic    | 1 |  1.8
Poison Magic   | 1 |  1.8
Armour         | 3 |  3.5
Summonings     | 4 |  4.2
Fighting       | 5 |  5.1
Polearms       | |  8.8

Action                   |  1- 3 |  4- 6 |  7- 9 || total
-------------------------+-------+-------+-------++-------
Melee: Spear             |    94 |   204 |    28 ||   326
       Bite              |     8 |    18 |     6 ||    32
       Punch             |       |     3 |     1 ||     4
 Cast: Summon Small Mamm |       |     3 |     3 ||     6
Invok: Divine Shield     |       |     1 |       ||     1
  Use: Potion            |       |       |     1 ||     1
Armor: Ring mail         |    10 |       |       ||    10
       Leather armour    |     5 |    27 |     2 ||    34
Dodge: Dodged            |    23 |    60 |     8 ||    91
Block: Other             |       |     6 |       ||     6

Table legend: (Time is in decaauts)
 A = Elapsed time spent in this place.
 B = Non-inter-level travel time spent in this place.
 C = Inter-level travel time spent in this place.
 D = Time resting spent in this place.
 E = Time spent auto-exploring this place.
 F = Levels seen in this place.
 G = Mean time per level.
                   A        B        C        D        E       F      G
               +--------+--------+--------+--------+--------+-----+--------+
         Total |   4041 |   3991 |     50 |   1083 |   2303 |   4 | 1010.2 |
       Dungeon |   4041 |   3991 |     50 |   1083 |   2303 |   4 | 1010.2 |
               +--------+--------+--------+--------+--------+-----+--------+

Top non-repeatable levels by time:
     D:3: 1798 daAuts
     D:2: 1262 daAuts
     D:1: 794 daAuts
     D:4: 185 daAuts
